 Dungeon Crawl Stone Soup version 0.20-a0-61-ga1b20b4 (webtiles) character file.

761 KristoblXynda the Sneak (level 7, 0/60 HPs)
             Began as a Naga Hunter on Nov 18, 2016.
             Was an Initiate of Cheibriados.
             Slain by Pikel
             ... wielding a +1 whip of freezing
              (3 damage)
             ... on level 4 of the Dungeon.
             The game lasted 00:11:09 (5263 turns).

KristoblXynda the Sneak (Naga Hunter)               Turns: 5263, Time: 00:11:11

Health: 0/60       AC:  3    Str: 15    XL:     7   Next: 80%
Magic:  7/7        EV: 10    Int: 14    God:    Cheibriados [......]
Gold:   183        SH:  0    Dex: 13    Spells: 0 memorised, 6 levels left

rFire  . . .     SeeInvis +     v - +2 scythe (pain)
rCold  . . .     Gourm    .     h - +0 ring mail (curse)
rNeg   . . .     Faith    .     (shield currently unavailable)
rPois  +         Spirit   .     m - +0 helmet
rElec  .         Reflect  .     (no cloak)
rCorr  +         Harm     .     s - +0 pair of gloves
MR     .....                    (no barding)
Stlth  +++.......               (no amulet)
                                (no ring)
                                n - ring of resist corrosion

@: corroded, very slow
A: see invisible, deformed body, poison resistance, slowness 2, slow metabolism
1, spit poison 1, AC +2
a: Spit Poison, Bend Time, Renounce Religion


You were on level 4 of the Dungeon.
You worshipped Cheibriados.
Cheibriados was noncommittal.
You were not hungry.

You visited 2 branches of the dungeon, and saw 5 of its levels.

You collected 183 gold pieces.

Inventory:

Hand Weapons
 v - a +2 scythe of pain (weapon)
Missiles
 c - 6 javelins (quivered)
 d - 2 throwing nets
Armour
 h - a cursed +0 ring mail (worn)
 m - a +0 helmet (worn)
 s - a +0 pair of gloves (worn)
Jewellery
 n - a ring of resist corrosion (left hand)
Wands
 b - a wand of flame (43/48)
 q - a wand of lightning (9/15)
Scrolls
 i - a scroll of teleportation
 j - a scroll of fog {unknown}
 k - a scroll of amnesia
 o - 4 scrolls of identify
Potions
 a - a potion of flight
 e - a potion of might {unknown}
 l - a potion of magic
 r - a potion of curing {unknown}
 t - a potion of brilliance {unknown}
Comestibles
 f - 2 bread rations


   Skills:
 - Level 2.0 Fighting
 + Level 2.0 Polearms
 + Level 5.5 Throwing
 + Level 1.4 Armour
 - Level 3.7 Dodging
 + Level 7.5 Stealth


You had 6 spell levels left.
You didn't know any spells.

Dungeon Overview and Level Annotations

Branches:
Dungeon (4/15)             Temple (1/1) D:4

Altars:
Cheibriados
Dithmenos
Elyvilon
Fedhas
Gozag
Hepliaklqana
Kikubaaqudgha
Makhleb
Okawaru
Ru
Sif Muna
Trog
Xom

Annotations:
D:4 Pikel


Innate Abilities, Weirdness & Mutations

You cannot wear boots.
Your serpentine skin is tough. (AC +2)
You have supernaturally acute eyesight. (SInv)
Armour fits poorly on your strangely shaped body.
Your system is resistant to poisons. (rPois)
You cover ground very slowly.
You have a slow metabolism.
You can spit poison.


Message History

Pikel is lightly wounded.
Pikel hits you but does no damage.
Pikel zaps a wand.
The bolt of acid hits you! You resist.
You are splashed with acid!
The acid burns!
You resist.
You hit Pikel.
Pikel is moderately wounded.
Pikel barely misses you.
You barely miss Pikel.
Pikel is moderately wounded.
Pikel zaps a wand.
The bolt of acid hits you! You resist.
You are splashed with acid!
The acid burns!
You resist.
Pikel zaps a wand.
The bolt of acid misses you.
Your ring mail prevents you from hitting Pikel.
Pikel is moderately wounded.
Pikel zaps a wand.
The bolt of acid hits you! You resist.
* * * LOW HITPOINT WARNING * * *
The acid corrodes you!
You are splashed with acid!
The acid burns!
You resist.
* * * LOW HITPOINT WARNING * * *
Pikel hits you with a whip of freezing.
You die...

**,***,**
#........# *,**
**,* #.########
**,#*#,** #.#
**.#p** #.# *#p#*
#.# #p#
#.######### #p#
#.........# #K#
#########.# #@#
#.# #.# #.# #.#
#.# #.# #.#
#.##############.#
#........[)....#.#
#..###########.#.#
#..............#.#
##.#####...).(...#


You could see Pikel and 4 slaves.

Vanquished Creatures
  Grinder (D:3)
  Sigmund (D:4)
  A phantom (D:4)
  3 orc priests
  A worker ant (D:4)
  3 gnolls (D:3)
  6 adders
  An ooze (D:4)
  2 worms
  2 dart slugs
  2 leopard geckos
  14 orcs
  9 bats
  3 giant cockroaches
  6 goblins
  10 hobgoblins
  5 jackals (D:3)
  10 kobolds
  2 quokkas
  3 ball pythons (D:2)
  9 frilled lizards
  2 rats
96 creatures vanquished.

Notes
Turn   | Place    | Note
-------+----------+-------------------------------------------
     0 | D:1      | KristoblXynda the Naga Hunter began the quest for the Orb.
     0 | D:1      | Reached XP level 1. HP: 19/19 MP: 1/1
   643 | D:1      | Reached XP level 2. HP: 12/26 MP: 2/2
  1143 | D:1      | Reached skill level 2 in Stealth
  1800 | D:1      | Reached XP level 3. HP: 13/32 MP: 3/3
  2141 | D:2      | Reached skill level 3 in Stealth
  2221 | D:2      | Found a shadowy altar of Dithmenos.
  2440 | D:2      | Reached XP level 4. HP: 21/39 MP: 4/4
  2608 | D:2      | Reached skill level 4 in Stealth
  3006 | D:3      | Reached XP level 5. HP: 33/45 MP: 5/5
  3346 | D:3      | Reached skill level 5 in Stealth
  3363 | D:3      | Noticed Grinder
  3661 | D:3      | Paralysed by Grinder for 4 turns
  3668 | D:3      | Paralysed by Grinder for 7 turns
  3682 | D:3      | Killed Grinder
  3682 | D:3      | Reached skill level 5 in Throwing
  3682 | D:3      | Reached skill level 6 in Stealth
  3682 | D:3      | Reached XP level 6. HP: 42/52 MP: 6/6
  4075 | D:3      | Reached XP level 7. HP: 50/60 MP: 7/7
  4272 | D:4      | Found a faded altar of an unknown god.
  4272 | D:4      | Found a faded altar of an unknown god.
  4319 | D:4      | Reached skill level 1 in Polearms
  4331 | D:4      | Found a hazy altar of Hepliaklqana.
  4333 | D:4      | Found a faded altar of an unknown god.
  4335 | D:4      | Found a faded altar of an unknown god.
  4931 | D:4      | Noticed Sigmund
  4943 | D:4      | Killed Sigmund
  4943 | D:4      | Reached skill level 1 in Armour
  4943 | D:4      | Reached skill level 7 in Stealth
  4960 | D:4      | Found a staircase to the Ecumenical Temple.
  4965 | Temple   | Entered the Ecumenical Temple
  5111 | Temple   | Became a worshipper of Cheibriados the Contemplative
  5252 | D:4      | Noticed Pikel
  5263 | D:4      | HP: 3/60 [acid (7)]
  5263 | D:4      | Slain by Pikel

Vault maps used:
D:1:      minmay_arrival_widening_spiral_wide, minmay_misc_feat_chi
D:2:      overflow_temple_1_default, minmay_misc_feat_alley,
          kennysheep_generic_room_14
D:3:      uniq_grinder
D:4:      chequers_temple_overflow_minitemple, first_bread, uniq_pikel,
          uniq_sigmund
Temple:   minmay_temple_curvy_loop

Skill      XL: |  1  2  3  4  5  6  7 |
---------------+----------------------+-----
Stealth        | 2 3 4 6 7 |  7.5
Dodging        | 2 3 |  3.7
Throwing       | 4 5 |  5.5
Polearms       | 2 |  2.0
Armour         | 1 |  1.4
Fighting       | |  2.0

Action                   |  1- 3 |  4- 6 |  7- 9 || total
-------------------------+-------+-------+-------++-------
Melee: Spear             |   124 |    56 |    51 ||   231
       Dagger            |       |    91 |    20 ||   111
       Scythe            |       |       |    18 ||    18
Throw: Javelin           |     7 |    10 |    11 ||    28
       Throwing net      |       |     2 |       ||     2
 Abil: Spit Poison       |    31 |    10 |     2 ||    43
  Use: Potion            |       |     2 |     1 ||     3
       Scroll            |       |       |     6 ||     6
 Stab: Sleeping          |       |     3 |     4 ||     7
       Held in net/web   |       |     1 |       ||     1
  Eat: Chunk             |     2 |     2 |     3 ||     7
       Meat ration       |     1 |       |       ||     1
       Royal jelly       |       |       |     1 ||     1
Armor: Leather armour    |    23 |       |       ||    23
       Ring mail         |    19 |    59 |    25 ||   103
Dodge: Dodged            |    95 |    69 |    36 ||   200
